 Dungeon Crawl Stone Soup version 0.19.0-24-gb05acd6 (console) character file.

2070 Kloppie the Carver (level 9, -9/117 HPs)
             Began as a Green Draconian Berserker on Nov 22, 2016.
             Was a Priest of Trog.
             Killed by divine providence
             ... invoked by an orc priest
              (14 damage)
             ... on level 6 of the Dungeon.
             The game lasted 00:07:17 (4616 turns).

Kloppie the Carver (Green Draconian Berserker)      Turns: 4616, Time: 00:07:18

Health: -9/117     AC:  7    Str: 20    XL:     9   Next: 5%
Magic:  9/9        EV: 13    Int:  7    God:    Trog [***...]
Gold:   148        SH:  6    Dex: 14    Spells: 0 memorised, 8 levels left

rFire  . . .     SeeInvis .     a - +7 Screaming Sword
rCold  . . .     Gourm    .     (armour unavailable)
rNeg   . . .     Faith    .     d - +1 buckler
rPois  +         Spirit   .     (helmet restricted)
rElec  +         Reflect  .     y - -1 cloak of Infinity {rElec MR+++ Regen+ Str-5} (curse)
rCorr  .         Harm     .     (no gloves)
MR     +++++                    (no boots)
Stlth  ..........               (no amulet)
                                (no ring)
                                (no ring)

@: berserking, regenerating, very quick
A: breathe noxious fumes, unfitting armour, poison resistance, cold-blooded, AC
+7
a: Breathe Noxious Fumes, Berserk, Trog's Hand, Burn Spellbooks, Renounce
Religion


You were on level 6 of the Dungeon.
You worshipped Trog.
Trog was most pleased with you.
You were very hungry.

You visited 1 branch of the dungeon, and saw 6 of its levels.

You collected 274 gold pieces.
You spent 126 gold pieces at shops.

Inventory:

Hand Weapons
 a - the +7 Screaming Sword (weapon)
   (You found it on level 4 of the Dungeon)
 n - a +1 falchion
Armour
 d - a +1 buckler (worn)
 y - the cursed -1 cloak of Infinity (worn) {rElec MR+++ Regen+ Str-5}
   (You found it on level 5 of the Dungeon)

   It affects your strength (-5).
   It insulates you from electricity.
   It affects your resistance to hostile enchantments.
   It increases your rate of regeneration.
   It has a curse placed upon it.
Wands
 t - a wand of flame (48/48)
Scrolls
 c - a scroll of magic mapping
 e - a scroll of blinking
 h - a scroll of fear
 o - 5 scrolls of remove curse
 u - a scroll of enchant armour
Potions
 f - a potion of might
 i - a potion of mutation
 j - a potion of brilliance
 k - 2 potions of curing
 p - 2 potions of agility {unknown}
 q - a potion of lignification {unknown}
 s - a potion of flight {unknown}
 w - 2 potions of resistance {unknown}
 x - a potion of experience {unknown}
Comestibles
 b - 3 bread rations
 g - 2 meat rations
 l - 2 royal jellies
 m - a slice of pizza
 z - 6 chunks of flesh


   Skills:
 + Level 6.9 Fighting
 * Level 10.0 Long Blades
 - Level 2.6 Dodging
 - Level 4.1 Shields


You had 8 spell levels left.
You didn't know any spells.

Dungeon Overview and Level Annotations

Branches:
Dungeon (6/15)             Temple (0/1) D:6

Altars:
Cheibriados
Elyvilon
Fedhas
Nemelex Xobeh
Okawaru
Trog
Vehumet
Yredelemnul
Zin

Shops:
D:4 *?[?


Innate Abilities, Weirdness & Mutations

You can breathe blasts of noxious fumes.
Your lurid green scales are hard. (AC +7)
You cannot fit into any form of body armour.
Your system is resistant to poisons. (rPois)
You are cold-blooded and may be slowed by cold attacks.


Message History

* * * LOW HITPOINT WARNING * * *
An orc warrior comes into view. It is wielding a glaive.
A red film seems to cover your vision as you go berserk!
You feel yourself moving faster!
You feel mighty!
You are feeling very hungry.
The Screaming Sword laughs in a fit of madness.
Prince Ribbit, the orc warrior and the orc priest are hurt by the noise.
You kill Prince Ribbit!
Trog accepts your kill.
Trog appreciates your killing of a magic user.
Your Long Blades skill increases to level 10!
You have reached level 9!
Your experience leads to an increase in your attributes!
Increase (S)trength, (I)ntelligence, or (D)exterity?
You feel agile.
Your scales feel tougher.
You feel the effects of Trog's Hand fading.
You hear a shout!
You hear a croak.
The orc priest invokes the aid of Beogh against you.
Beogh smites you!
You die...

########### #......^..#
####.####..... #.#########
#....(.# #..###.# #####
##.# ###.###### #.... #.#
#....†@##..#### #.#
######.§...o.o# # ##.##
###.####o..
####...#########...###....
....._.................#
####...##########.###### #
##.## #.# # #.# #######.#
# # #.# #.......######...


You could see an orc warrior, an orc priest and an orc.

Vanquished Creatures
  Prince Ribbit (D:6)
  Grinder (D:3)
  An ice beast (D:6)
  A sky beast (D:6)
  A black bear (D:6)
  An ogre (D:5)
  2 phantoms
  2 centaurs
  Blork the orc (D:6)
  A bullfrog (D:6)
  4 scorpions (D:4)
  A howler monkey (D:6)
  2 gnoll shamans
  A hound (D:6)
  A centaur skeleton (D:6)
  An orc wizard (D:3)
  2 iguanas
  3 worker ants
  A hound skeleton (D:6)
  A worker ant zombie (D:5)
  8 adders
  14 gnolls
  A shadow imp (D:5)
  3 oozes
  2 worms (D:2)
  A dart slug (D:2)
  4 leopard geckos
  5 orcs
  19 bats
  4 giant cockroaches
  9 goblins
  3 hobgoblins
  12 jackals
  8 kobolds
  A quokka (D:3)
  A ball python (D:5)
  9 frilled lizards
  A leopard gecko skeleton (D:4)
  A quokka zombie (D:6)
  5 rats
  2 fungi (D:4)
  A toadstool (D:1)
143 creatures vanquished.

Vanquished Creatures (others)
  3 toadstools (D:1)
3 creatures vanquished.

Grand Total: 146 creatures vanquished

Notes
Turn   | Place    | Note
-------+----------+-------------------------------------------
     0 | D:1      | Kloppie the Draconian Berserker began the quest for the Orb.
     0 | D:1      | Reached XP level 1. HP: 19/19 MP: 1/1
   196 | D:1      | Reached XP level 2. HP: 16/26 MP: 2/2
   500 | D:1      | Reached ** piety under Trog
   705 | D:1      | Reached XP level 3. HP: 31/31 MP: 3/3
   829 | D:2      | Reached skill level 1 in Shields
   875 | D:2      | Reached skill level 4 in Long Blades
  1065 | D:2      | Found a basalt altar of Yredelemnul.
  1068 | D:2      | Found a bloodstained altar of Trog.
  1071 | D:2      | Found a radiant altar of Vehumet.
  1083 | D:2      | Found a glowing silver altar of Zin.
  1285 | D:2      | Reached XP level 4. HP: 27/39 MP: 4/4
  1401 | D:2      | Found a blossoming altar of Fedhas.
  1697 | D:3      | Noticed Grinder
  1710 | D:3      | Killed Grinder
  1710 | D:3      | Reached skill level 5 in Long Blades
  1710 | D:3      | Reached XP level 5. HP: 35/45 MP: 5/5
  1710 | D:3      | Reached XP level 6. HP: 40/51 MP: 6/6
  1972 | D:3      | Reached skill level 6 in Long Blades
  2123 | D:3      | Reached *** piety under Trog
  2173 | D:3      | Found a faded altar of an unknown god.
  2392 | D:3      | Found a white marble altar of Elyvilon.
  2508 | D:4      | Found Couheg's Magic Scroll Emporium.
  2510 | D:4      | Found Ziolaogo's Antique Armour Emporium.
  2512 | D:4      | Found Kekel's Magic Scroll Emporium.
  2518 | D:4      | Found Ciabacw's General Store.
  2537 | D:4      | Your scales start taking on a lurid green colour.
  2537 | D:4      | Reached XP level 7. HP: 57/57 MP: 7/7
  2537 | D:4      | Gained mutation: Your system is resistant to poisons. (rPois) [Green Draconian growth]
  2561 | D:4      | Bought a scroll of identify for 28 gold pieces
  2561 | D:4      | Bought a scroll of remove curse for 42 gold pieces
  2561 | D:4      | Bought a scroll of identify for 28 gold pieces
  2561 | D:4      | Bought a scroll of identify for 28 gold pieces
  2690 | D:4      | Reached skill level 7 in Long Blades
  3388 | D:5      | Entered Level 5 of the Dungeon
  3453 | D:5      | Reached skill level 8 in Long Blades
  3529 | D:5      | Got a polished cloak
  3535 | D:5      | Identified the cursed -1 cloak of Infinity {rElec MR+++ Regen+ Str-5} (You found it on level 5 of the Dungeon)
  3586 | D:5      | Reached skill level 5 in Fighting
  3586 | D:5      | Reached XP level 8. HP: 68/68 MP: 8/8
  3795 | D:5      | Found an iron altar of Okawaru.
  3910 | D:5      | Found a snail-covered altar of Cheibriados.
  4334 | D:6      | Found a staircase to the Ecumenical Temple.
  4445 | D:6      | Reached skill level 9 in Long Blades
  4463 | D:6      | Noticed Blork the orc
  4469 | D:6      | Killed Blork the orc
  4530 | D:6      | Found a sparkling altar of Nemelex Xobeh.
  4597 | D:6      | Noticed Prince Ribbit
  4615 | D:6      | HP: 2/71 [orc priest/divine providence (12)]
  4616 | D:6      | Killed Prince Ribbit
  4616 | D:6      | Reached skill level 10 in Long Blades
  4616 | D:6      | Reached XP level 9. HP: 4/78 MP: 9/9
  4616 | D:6      | Killed from afar by an orc priest

Skill      XL: |  1  2  3  4  5  6  7  8 |
---------------+-------------------------+-----
Shields        | 1 3 4 |  4.1
Long Blades    | 4 5 6 8 10 | 10.0
Fighting       | 5 6 |  6.9
Dodging        | |  2.6

Action                   |  1- 3 |  4- 6 |  7- 9 || total
-------------------------+-------+-------+-------++-------
Melee: Falchion          |   115 |   113 |   111 ||   339
       Tailslap          |    18 |    14 |    37 ||    69
       Double sword      |       |       |    96 ||    96
Invok: Berserk           |     2 |     2 |     3 ||     7
       Trog's Hand       |     1 |     1 |     2 ||     4
  Use: Scroll            |       |       |    14 ||    14
 Stab: Sleeping          |       |     3 |     1 ||     4
  Eat: Chunk             |     2 |     7 |     5 ||    14
       Meat ration       |       |       |     1 ||     1
Armor: Skin              |    43 |    27 |    64 ||   134
Dodge: Dodged            |    83 |    57 |   143 ||   283
Block: Buckler           |    14 |    19 |    62 ||    95
       Rpst.: Falchion   |    31 |    20 |    27 ||    78
       Double sword      |       |       |    20 ||    20
